 Dungeon Crawl Stone Soup version 0.25-a0-547-g27a0b5d1ef (console) character file.

Game seed: 17645595288981088874, levelgen mode: deterministic

366 utis the Chiller (level 6, 0/32 HPs)
             Began as a Tengu Ice Elementalist on Feb 21, 2020.
             Slain by Grinder (4 damage)
             ... on level 3 of the Dungeon.
             The game lasted 00:12:30 (4609 turns).

utis the Chiller (Tengu Ice Elementalist)           Turns: 4609, Time: 00:12:30

Health: 0/32       AC:  2    Str:  9    XL:     6   Next: 68%
Magic:  3/13       EV: 13    Int: 17    God:
Gold:   182        SH:  0    Dex: 14    Spells: 2/13 levels left

rFire    . . .     SeeInvis .   b - +2 hunting sling (freeze)
rCold    . . .     Gourm    .   (no shield)
rNeg     . . .     Faith    .   p - +0 robe
rPois    .         Spirit   .   (helmet restricted)
rElec    .         Reflect  .   (no cloak)
rCorr    .         Harm     .   (no gloves)
MR       .....                  (boots unavailable)
Stlth    ++........             (no amulet)
HPRegen  0.10/turn              (no ring)
MPRegen  0.13/turn              (no ring)

@: very slightly contaminated
A: beak, talons 3, able to fly
a: Fly


You were on level 3 of the Dungeon.
You were not hungry.

You visited 1 branch of the dungeon, and saw 4 of its levels.

You collected 182 gold pieces.

Inventory:

Hand Weapons
 a - a +0 dagger of venom
 b - a +2 hunting sling of freezing (weapon)
 d - a +0 dagger
 o - a +0 hunting sling
 t - a +0 morningstar
 u - a +0 trident
Missiles
 e - 95 stones (quivered)
Armour
 p - a +0 robe (worn)
Scrolls
 g - a scroll of fear {unknown}
 i - 5 scrolls of identify {unknown}
 j - 3 scrolls of remove curse {unknown}
 m - 4 scrolls of teleportation {unknown}
Potions
 f - a potion of brilliance {unknown}
 h - a potion of mutation {unknown}
 k - a potion of might
 l - a potion of ambrosia {unknown}
 n - a potion of curing {@q1}
 q - a potion of stabbing {unknown}
 r - a potion of haste {unknown}
 s - a potion of lignification {unknown}
Comestibles
 c - 5 rations {@e1}


   Skills:
 - Level 3.2 Dodging
 - Level 2.0 Stealth
 - Level 4.3 Spellcasting
 + Level 2.4 Summonings
 + Level 5.0 Ice Magic


You had 2 spell levels left.
You knew the following spells:

 Your Spells              Type           Power        Failure   Level  Hunger
a - Freeze                Ice            ###.         1%          1    None
b - Summon Ice Beast      Ice/Summ       ###.....     32%         4    ####...
o - Ozocubu's Armour      Chrm/Ice       ##......     16%         3    ###....
Y - Frozen Ramparts       Ice            ###...       6%          3    ###....

Your spell library contained the following spells:

 Spells                   Type           Power        Failure   Level  Hunger
 Hailstorm                Conj/Ice       ##......     47%         4    ####...


Dungeon Overview and Level Annotations

Branches:
Dungeon (4/15)
 Temple: D:4-7

Altars:
Ashenzari

Annotations:
D:3 Grinder


Innate Abilities, Weirdness & Mutations

You have a beak for a mouth.
You have claws for feet.
You can fly continuously.


Message History

You miscast Summon Ice Beast.
A fistful of eyes flickers past your view.
* * * LOW MAGIC WARNING * * *
Casting: Summon Ice Beast (quite dangerous; 32% risk of failure)
Confirm with . or Enter, or press ? or * to list all spells.
A chill wind blows around you.
* * * LOW MAGIC WARNING * * *
Grinder hits you! Grinder hits you.
You climb upwards.
Your summoned ally is left behind.
There is a stone staircase leading down here.
Grinder hits you.
You writhe in agony.
* * * LOW HITPOINT WARNING * * *
Grinder hits you!
* * * LOW HITPOINT WARNING * * *
You writhe in agony.
* * * LOW HITPOINT WARNING * * *
Unknown command.
Grinder hits you.
You die...

░.░ ░.░░.░...░ ░.░ ░.░
░.░░.░░░░░ ░.░ ░.░
░.░░.░ ░.░ ░.░ ░.░░.░
░░░░░░ ░.░ ░.░
░.░░.░░░░░░░░░....░ ░.░
░.░ ░.░░.░.......░.░░.░
░.░ ░.░
░.░░.░.░░░░░.░.░░.░░░.░
░.░
░.░░.5.......░........░
░.░
░.░░░░Q░░░░░░░░░░.░░░░░
░.░ ░.░ ░.░ ░÷░.... ..░
░.░ ░.░ ░.....░ ░░░ ░.░
░.░ ░░░.... ░.░░░░.░
░.░.. ░......░ ░.░..
░░░░░░░░ ░.░░░ ░.░░░
░....


You could see Grinder.

Vanquished Creatures
  A bullfrog (D:3)
  A jelly (D:3)
  Natasha (thrice) (D:3)
  An orc wizard (D:4)
  A worker ant (D:4)
  Robin (D:3)
  2 adders (D:2)
  2 worms
  A dart slug (D:4)
  2 leopard geckos
  6 orcs
  4 bats
  5 giant cockroaches
  15 goblins
  9 hobgoblins
  10 jackals
  2 quokkas
  2 ball pythons
  2 frilled lizards
  8 kobolds
  13 rats
91 creatures vanquished.

Notes
Turn   | Place    | Note
-------+----------+-------------------------------------------
     0 | D:1      | utis the Tengu Ice Elementalist began the quest for the
                  | Orb.
     0 | D:1      | Reached XP level 1. HP: 10/10 MP: 4/4
   208 | D:1      | Reached skill level 4 in Ice Magic
   208 | D:1      | Reached XP level 2. HP: 15/15 MP: 0/6
   922 | D:1      | Reached XP level 3. HP: 16/19 MP: 5/7
   967 | D:1      | Learned a level 3 spell: Ozocubu's Armour
  1700 | D:2      | Found a shattered altar of Ashenzari.
  1917 | D:2      | Reached XP level 4. HP: 24/24 MP: 8/8
  1925 | D:2      | Learned a level 3 spell: Frozen Ramparts
  2428 | D:3      | Noticed Robin
  2436 | D:3      | Killed Robin
  2729 | D:3      | Noticed a bullfrog
  2734 | D:3      | Killed a bullfrog
  2734 | D:3      | Gained mutation: You can fly continuously. [Tengu growth]
  2734 | D:3      | Reached XP level 5. HP: 28/28 MP: 6/11
  2746 | D:3      | Learned a level 4 spell: Summon Ice Beast
  2830 | D:3      | Reached XP level 6. HP: 32/32 MP: 13/13
  3287 | D:3      | Noticed Natasha
  3296 | D:3      | Killed Natasha
  3296 | D:3      | Reached skill level 1 in Summonings
  3532 | D:3      | Noticed Natasha
  3534 | D:3      | Killed Natasha
  3718 | D:3      | Noticed Natasha
  3723 | D:3      | Killed Natasha
  4064 | D:4      | Reached skill level 5 in Ice Magic
  4412 | D:4      | Noticed Grinder
  4417 | D:4      | Paralysed by Grinder for 3 turns
  4432 | D:4      | Paralysed by Grinder for 5 turns
  4609 | D:3      | Slain by Grinder

Levels and vault maps discovered:
D:1:      dpeg_arrival_solitude, layout_loops_ring
D:2:      layout_basic, evilmike_ruin_ashenzari
D:3:      layout_basic, first_ration, uniq_natasha, uniq_robin
D:4:      layout_rooms, minmay_misc_feat_doors,
          nicolae_qazlal_general_emergency, uniq_grinder

Skill      XL: |  1  2  3  4  5  6 |
---------------+-------------------+-----
Ice Magic      | 4 5 |  5.0
Dodging        | 3 |  3.2
Spellcasting   | 3 4 |  4.3
Summonings     | 2 |  2.4
Stealth        | |  2.0

Action                   |  1- 3 |  4- 6 || total
-------------------------+-------+-------++-------
Melee: Dagger            |       |     7 ||     7
       Morningstar       |       |     5 ||     5
       Kick              |       |     5 ||     5
 Fire: Hunting sling     |    26 |    69 ||    95
Throw: Stone             |    14 |       ||    14
 Cast: Freeze            |    51 |     5 ||    56
       Frozen Ramparts   |       |    15 ||    15
       Summon Ice Beast  |       |     3 ||     3
  Use: Potion            |       |     2 ||     2
  Eat: Chunk             |     4 |     7 ||    11
       Ration            |       |     1 ||     1
Armor: Robe              |     3 |     4 ||     7
Dodge: Dodged            |    29 |    20 ||    49

Table legend:
 A = Non-vault XP
 B = Vault XP
 C = Vault XP percentage of total XP
 D = Non-vault monster count
 E = Vault monster count
 F = Vault count percentage of total count
                 A         B        C        D         E       F
            +---------+---------+-------+---------+---------+-------
      Total |     453 |      70 |  13.4 |      79 |      12 |  13.2
            +---------+---------+-------+---------+---------+-------
        D:1 |      46 |       0 |   0.0 |      28 |       0 |   0.0
        D:2 |      62 |       0 |   0.0 |      21 |       0 |   0.0
        D:3 |     256 |      70 |  21.5 |      21 |      12 |  36.4
        D:4 |      89 |       0 |   0.0 |       9 |       0 |   0.0
            +---------+---------+-------+---------+---------+-------
